 Dungeon Crawl Stone Soup version 0.31.0-4-g52a2dc7128 (webtiles) character file.

Game seed: 435872115154074755

1308 Kallu the Basher (level 8, -2/68 HPs)
             Began as a Minotaur Fighter on Jan 22, 2024.
             Was a Follower of the Shining One.
             Slain by Maggie
             ... wielding a +0 broad axe of flaming
              (3 damage)
             ... on level 6 of the Dungeon.
             The game lasted 00:06:19 (4588 turns).

Kallu the Basher (Minotaur Fighter)                 Turns: 4588, Time: 00:06:20

Health: -2/68      AC: 10    Str: 20    XL:     8   Next: 32%
Magic:  7/7        EV:  7    Int:  5    God:    the Shining One [*.....]
Gold:   283        SH:  5    Dex: 13    Spells: 7/7 levels left

rFire   . . .        a - +0 flail
rCold   . . .        c - +0 buckler
rNeg    . . .        x - +0 chain mail {rPois}
rPois   +            (helmet restricted)
rElec   .            (no cloak)
rCorr   .            (no gloves)
SInv    .            i - +0 pair of boots
Will    .....        (no amulet) Stlth
                     (no ring)
HPRegen 0.31/turn    (no ring)
MPRegen 0.10/turn

%: no passive effects
@: mighty, mesmerised, glowing
A: horns 2, retaliatory headbutt
a: Renounce Religion, Divine Shield


You were on level 6 of the Dungeon.
You worshipped the Shining One.
The Shining One was aware of your devotion.
You visited 2 branches of the dungeon, and saw 7 of its levels.

You collected 283 gold pieces.

Inventory:

Hand Weapons
 a - a +0 flail (weapon)
 b - a +2 long sword of flaming
Missiles
 q - a throwing net (quivered)
 z - 4 poisoned darts
Armour
 c - a +0 buckler (worn)
 i - a +0 pair of boots (worn)
 x - a +0 chain mail of poison resistance (worn)
Wands
 k - a wand of flame (14)
Scrolls
 e - 7 scrolls of identify {unknown}
 j - 2 scrolls of amnesia {unknown}
 m - a scroll of brand weapon {unknown}
 n - 2 scrolls of fear {unknown}
 p - a scroll of butterflies {unknown}
 r - a scroll of noise {unknown}
 s - a scroll of enchant armour {unknown}
 u - a scroll of vulnerability {unknown}
 v - a scroll of teleportation {unknown}
 w - 2 scrolls of blinking {unknown}
 y - a scroll of revelation {unknown}
 A - a scroll of immolation {unknown}
Potions
 d - a potion of might
 f - a potion of lignification {unknown}
 g - a potion of haste {unknown}
 h - 4 potions of curing {unknown}
 l - a potion of attraction {unknown}
 o - a potion of degeneration {unknown}
 t - a potion of mutation {unknown}


   Skills:
 - Level 5.0 Fighting
 + Level 11.3 Maces & Flails
 - Level 3.6 Armour
 - Level 5.0 Shields


You had 7 spell levels left.
You didn't know any spells.
Your spell library contained the following spells:

 Spells                   Type           Power      Damage    Failure   Level
 Sandblast                Erth           0%         2d4       99%         1
 Slow                     Hex            0%         N/A       99%         1
 Ensorcelled Hibernation  Hex/Ice        0%         N/A       100%        2
 Confusing Touch          Hex            0%         N/A       100%        3
 Dazzling Flash           Conj/Hex       0%         N/A       100%        3
 Mephitic Cloud           Conj/Alch/Air  0%         N/A       100%        3
 Passwall                 Erth           0%         N/A       100%        3
 Sigil of Binding         Hex            0%         N/A       100%        3
 Stone Arrow              Conj/Erth      0%         3d7       100%        3
 Swiftness                Air            0%         N/A       100%        3
 Vampiric Draining        Necr           0%         2d6       100%        3
 Brom's Barrelling Bould  Conj/Erth      0%         2d3       100%        4
 Curse of Agony           Necr           0%         N/A       100%        5
 Silence                  Hex/Air        0%         N/A       100%        5


Dungeon Overview and Level Annotations

Branches:
Dungeon (6/15)             Temple (1/1) D:4

Altars:
Ashenzari
Cheibriados
Elyvilon
Fedhas
Gozag
Hepliaklqana
Kikubaaqudgha
Nemelex Xobeh
Ru
Trog
Uskayaw
Vehumet
Wu Jian
Yredelemnul
The Shining One

Shops:
D:1 =   D:5 [

Annotations:
D:4 1 runed translucent door, Crazy Yiuf
D:6 Maggie


Innate Abilities, Weirdness & Mutations

You have a pair of horns on your head.
You reflexively headbutt those who attack you in melee.


Message History

Maggie is moderately wounded.
Maggie closely misses you. You furiously retaliate!
You headbutt Maggie.
Unknown command.
You hit Maggie but do no damage.
Maggie is moderately wounded.
You barely miss Maggie.
Maggie is moderately wounded.
Maggie barely misses you.
Okay, then.
You hit Maggie but do no damage.
Maggie is moderately wounded.
Maggie closely misses you.
You barely miss Maggie. Your headbutt misses Maggie.
Maggie is moderately wounded.
Maggie gestures wildly while chanting.
Maggie draws you further into her thrall.
You hit Maggie but do no damage. You headbutt Maggie.
Maggie is moderately wounded.
Maggie points at you and mumbles some strange words.
The bolt of fire hits you!
You feel very mighty all of a sudden.
Maggie hits you with a +0 broad axe of flaming.
* * * LOW HITPOINT WARNING * * *
Maggie burns you.
* * * LOW HITPOINT WARNING * * *
You sock Maggie!
Maggie is heavily wounded.
Maggie closely misses you.
You barely miss Maggie. You headbutt Maggie!
Maggie is severely wounded.
You hit Maggie.
Maggie is severely wounded.
Maggie points at you and mumbles some strange words.
The bolt of fire hits you!!
* * * LOW HITPOINT WARNING * * *
Unknown command.
You barely miss Maggie.
Maggie is severely wounded.
Maggie hits you with a +0 broad axe of flaming.
You die...

# #......#.# ...# ####
###......#.# ...#
...###.....####.##..#
.#..#..###.# #.#..####
....#.####.####.#...<..
...................####
...........#.##.......#
.#....#....#.##.......#
.............#..@†.)..#
#..#.#...........@....#
...#.#.......##.......#
.............##.......#
.............##.........
.............##.......##
.......#...............#
#.....##........#.##..##
............


You could see Maggie (mesmerising).

Vanquished Creatures
  2 ice beasts
  An ogre (D:5)
  3 phantoms
  A scorpion (D:6)
  A bombardier beetle (D:6)
  2 hounds
  A jelly (D:5)
  3 sleepcaps
  A gnoll bouda (D:6)
  3 orc priests
  Natasha (thrice) (D:4)
  3 orc wizards
  13 gnolls
  8 adders
  3 dart slugs
  2 ribbon worms
  14 orcs
  5 ball pythons
  9 endoplasms
  6 giant cockroaches
  3 goblins
  4 hobgoblins
  4 jackals
  2 quokkas (D:3)
  6 bats
  4 frilled lizards
  3 kobolds
  3 rats
113 creatures vanquished.

Notes
Turn   | Place    | Note
-------+----------+-------------------------------------------
     0 | D:1      | Kallu the Minotaur Fighter began the quest for the Orb.
     0 | D:1      | Reached XP level 1. HP: 19/19 MP: 0/0
    47 | D:1      | Reached skill level 3 in Maces & Flails
   103 | D:1      | Reached XP level 2. HP: 26/26 MP: 1/1
   242 | D:1      | Found Nex Tee's Jewellery Boutique.
   750 | D:2      | Reached XP level 3. HP: 31/31 MP: 2/2
   775 | D:2      | Reached skill level 4 in Maces & Flails
  1227 | D:3      | Found a faded altar of an unknown god.
  1363 | D:3      | Reached XP level 4. HP: 38/39 MP: 3/3
  1459 | D:3      | Found a basalt altar of Yredelemnul.
  1549 | D:3      | Found a blossoming altar of Fedhas.
  1772 | D:3      | Reached skill level 5 in Maces & Flails
  1772 | D:3      | Reached skill level 5 in Shields
  2102 | D:4      | Reached XP level 5. HP: 44/45 MP: 4/4
  2139 | D:4      | Noticed a phantom
  2147 | D:4      | Killed a phantom
  2148 | D:4      | Reached skill level 6 in Maces & Flails
  2265 | D:3      | Reached XP level 6. HP: 36/51 MP: 5/5
  2376 | D:4      | Found a hazy altar of Hepliaklqana.
  2419 | D:4      | Found a staircase to the Ecumenical Temple.
  2427 | Temple   | Entered the Ecumenical Temple
  2439 | Temple   | Became a worshipper of the Shining One
  2680 | D:4      | Reached skill level 7 in Maces & Flails
  2763 | D:4      | Found a runed translucent door.
  2764 | D:4      | Noticed Crazy Yiuf
  2883 | D:4      | Noticed Natasha
  2897 | D:4      | Killed Natasha
  3193 | D:4      | Noticed Natasha
  3203 | D:4      | Killed Natasha
  3291 | D:4      | Noticed Natasha
  3298 | D:4      | Killed Natasha
  3307 | D:5      | Entered Level 5 of the Dungeon
  3373 | D:5      | Reached skill level 8 in Maces & Flails
  3458 | D:5      | Reached XP level 7. HP: 59/60 MP: 6/6
  3532 | D:5      | Reached * piety under the Shining One
  3543 | D:5      | Reached skill level 5 in Fighting
  3548 | D:5      | Reached skill level 9 in Maces & Flails
  3877 | D:5      | Found Zitiema's Antique Armour Emporium.
  4017 | D:6      | Reached skill level 10 in Maces & Flails
  4199 | D:6      | Reached XP level 8. HP: 68/68 MP: 7/7
  4563 | D:6      | Noticed Maggie
  4566 | D:6      | Reached skill level 11 in Maces & Flails
  4587 | D:6      | HP: 1/68 [Maggie/bolt of fire (19)]
  4588 | D:6      | Slain by Maggie

Illustrated notes

Levels and vault maps discovered:
D:1:      lightli_arrival_flooded_house, layout_basic, serial_shops,
          nicolae_shop_peninsula, minivault_26
D:2:      layout_basic
D:3:      layout_basic, mainiacjoe_overflow_catch_the_wave,
          hellmonk_ecumenical_altar_crossroads, st_stairs_2
D:4:      layout_basic, worldfamousw_hep_ancestral_shrine,
          minmay_temple_entry_slanted, uniq_crazy_yiuf_cottage, uniq_natasha
D:5:      layout_rooms, serial_shops, shop
D:6:      layout_rooms, uniq_maggie
Temple:   hc_temple_tempest_star

Skill      XL: |  1  2  3  4  5  6  7  8 |
---------------+-------------------------+-----
Maces & Flails | 3 4 5 6 8 10 11 | 11.3
Shields        | 4 5 |  5.0
Fighting       | 4 5 |  5.0
Armour         | |  3.6

Action                     |  1- 3 |  4- 6 |  7- 9 || total
---------------------------+-------+-------+-------++-------
  Melee: Flail             |    82 |   154 |   103 ||   339
         Headbutt          |    11 |    26 |    25 ||    62
  Evoke: Wand              |       |       |     4 ||     4
    Use: Potion            |       |       |     1 ||     1
 Armour: Scale mail        |    59 |   109 |       ||   168
         Chain mail        |       |     5 |    75 ||    80
  Dodge: Dodged            |    36 |    67 |    26 ||   129
  Block: Buckler           |    19 |    28 |    13 ||    60
